AoeStats
← YurissOvo

African Clearing

506373549Analyzed
4v4 RM · 20d ago on Sep 13, 2026· 27m 32s· 8 players
Game mode
Random Map
Map size
Large (8 player)
Population
200
Speed
Normal
Resources
Standard
Victory
Conquest
Starting age
Dark Age
Ending age
Imperial Age
RankedLock teamsTeams togetherTeam positionsShared explorationLock speedFull tech treeHidden civsTurbo modeCheats
Victory
Defeat
🇦🇷 Bengalis · Argentina
1094
+14
🇵🇱 Huns · Poland
1090
+15
🇦🇷 Mongols · Argentina
1089
+15
🇨🇳 Cumans · China
1004
+18
🇨🇳 Magyars · China
1062
-16
🇨🇳 Franks · China
1062
-16
🇨🇳 Vietnamese · China
1054
-15
🇦🇺 Saracens · Australia
1053
-15
richnoob575
YurissOvo
6:34 Loom
13:43 Feudal Age
17:11 Scale Barding Armor
18:17 Bloodlines
23:43 Castle Age
23:09 Horse Collar
23:16 Double-Bit Axe
23:30 Gold Mining
23:30 Stone Mining
2457184173
8:38 Loom
15:15 Feudal Age
17:41 Double-Bit Axe
21:48 Castle Age
23:23 Forging
23:19 Scale Barding Armor
23:38 Gold Mining
25:29 Light Cavalry
27:13 Husbandry
飞鱼
4:06 Loom
17:51 Feudal Age
27:10 Castle Age
GonzaloMig
5:53 Loom
16:01 Feudal Age
16:25 Horse Collar
16:51 Double-Bit Axe
18:05 Wheelbarrow
22:08 Scale Mail Armor
如果智慧有颜色
5:01 Loom
18:14 Feudal Age
19:06 Double-Bit Axe
19:13 Gold Mining
25:21 Fletching
dusen128371
9:14 Loom
16:50 Feudal Age
20:56 Castle Age
18:48 Double-Bit Axe
20:27 Fletching
22:09 Bow Saw
22:22 Padded Archer Armor
25:02 Bodkin Arrow
Mknolix
11:51 Loom
13:36 Feudal Age
15:18 Double-Bit Axe
16:13 Horse Collar
18:27 Wheelbarrow
17:55 Fletching
23:43 Castle Age
22:24 Padded Archer Armor
24:37 Bodkin Arrow
24:03 Crossbowman
Connection lost

Rejoining the realm…

Still unreachable

The connection could not be restored.

Session expired

The server has moved on; the page needs a fresh start.